 Dungeon Crawl Stone Soup version 0.28.0-53-g5a82cb258f (webtiles) character file.

Game seed: 17359750656661369224

62 Zeld the Ogre Mage (level 4, -1/42 HPs)
             Began as an Ogre Transmuter on May 22, 2022.
             Slain by an adder (4 damage)
             ... on level 2 of the Dungeon.
             The game lasted 00:01:11 (1549 turns).

Zeld the Ogre Mage (Ogre Transmuter)                Turns: 1549, Time: 00:01:12

Health: -1/42      AC:  3    Str: 16    XL:     4   Next: 8%
Magic:  9/9        EV:  9    Int: 14    God:
Gold:   42         SH:  0    Dex:  9    Spells: 3/9 levels left

rFire   . . .      SeeInvis .     - Unarmed
rCold   . . .      Faith    .   (no shield)
rNeg    . . .      Spirit   .   a - +0 robe
rPois   .          Reflect  .   (helmet currently unavailable)
rElec   .          Harm     .   (no cloak)
rCorr   .          Rampage  .   (gloves unavailable)
Will    .....                   (boots unavailable)
Stlth   +.........              (no amulet)
HPRegen 0.14/turn               (no ring)
MPRegen 0.11/turn               (no ring)

@: lethally poisoned (-1 -> -6), appendages (expiring)
A: horns 2, talons 2, large, unfitting armour, tough skin 1
a: End Transformation


You were on level 2 of the Dungeon.
You had temporarily grown beastly horns and talons.
You visited 1 branch of the dungeon, and saw 2 of its levels.

You collected 42 gold pieces.

Inventory:

Armour
 a - a +0 robe (worn)
Scrolls
 b - a scroll of teleportation {unknown}
 c - 2 scrolls of identify {unknown}
 e - 2 scrolls of enchant armour {unknown}
 g - a scroll of immolation {unknown}
 h - 2 scrolls of fear {unknown}
Potions
 d - a potion of mutation {unknown}
 f - a potion of heal wounds
 i - a potion of haste {unknown}


   Skills:
 + Level 2.0 Fighting
 - Level 1.7 Dodging
 - Level 2.6 Unarmed Combat
 * Level 3.4 Spellcasting
 * Level 2.5 Transmutations
 + Level 0.8 Ice Magic
 + Level 0.8 Poison Magic


You had 3 spell levels left.
You knew the following spells:

 Your Spells              Type           Power      Damage    Failure   Level
a - Beastly Appendage     Tmut           18%        N/A       7%          1
b - Wereblood             Tmut           9%         N/A       11%         2
c - Spider Form           Tmut/Pois      7%         N/A       30%         3

Your spell library contained the following spells:

 Spells                   Type           Power      Damage    Failure   Level
 Gell's Gravitas          Tloc           2%         N/A       52%         3
 Teleport Other           Tloc           2%         N/A       52%         3
 Ice Form                 Ice/Tmut       7%         N/A       71%         4
 Dispersal                Tloc           1%         N/A       100%        6


Dungeon Overview and Level Annotations

Branches:
Dungeon (2/15)

Altars:


Innate Abilities, Weirdness & Mutations

You have temporarily grown beastly horns and talons.
You are too large for most types of armour.
You have tough skin. (AC +1)


Message History

The adder closely misses you. x2
You miss the adder.
You feel sick. The adder bites you.
You are more poisoned.
The adder poisons you!
You are too injured to fight recklessly!
You miss the adder. Your kick misses the adder.
Your transformation is almost over.
You feel sick. The adder closely misses you.
You are too injured to fight recklessly!
You miss the adder. You claw the adder.
The adder is heavily wounded.
You feel sick. The adder closely misses you.
An adder is nearby!
You are too injured to fight recklessly!
You barely miss the adder.
The adder is heavily wounded.
You feel sick. The adder bites you. The adder bites you but does no damage.
You closely miss the adder. You claw the adder.
The adder is severely wounded.
You feel sick. The adder bites you.
* * * LOW HITPOINT WARNING * * *
You miss the adder. Your kick misses the adder. Your headbutt misses the adder.
The adder is severely wounded.
You feel sick. The adder misses you.
You miss the adder. Your kick misses the adder.
The adder is severely wounded.
You feel sick. The adder bites you.
* * * LOW HITPOINT WARNING * * *
You are lethally poisoned!
The adder poisons you!
You barely miss the adder. Your kick misses the adder.
The adder is severely wounded.
* * * LOW HITPOINT WARNING * * *
You feel sick. The adder barely misses you.
Unknown command.
You hit the adder.
The adder is almost dead.
* * * LOW HITPOINT WARNING * * *
You feel sick. The adder bites you but does no damage. The adder bites you.
You die...

#......# #........
#......# #........
#......# #........ #
#......# #........ #
#......# #........ #
#......# #........ #
#......# #........ #
#......# #S#
####......######@#######
........................
###.......######.#######
..#.......# #.#
#.#.####### #.# #.#.#
... #.#.# ... ..#.# ....
###.# .....


You could see an adder.

Vanquished Creatures
  Terence (D:2)
  A worm (D:2)
  A dart slug (D:1)
  A bat (D:1)
  2 endoplasms
  2 giant cockroaches
  2 goblins (D:1)
  A hobgoblin (D:1)
  4 jackals (D:1)
  4 quokkas
  3 ball pythons
  A frilled lizard (D:1)
  4 kobolds
  2 rats (D:1)
29 creatures vanquished.

Notes
Turn   | Place    | Note
-------+----------+-------------------------------------------
     0 | D:1      | Zeld the Ogre Transmuter began the quest for the Orb.
     0 | D:1      | Reached XP level 1. HP: 19/19 MP: 3/3
   195 | D:1      | Reached XP level 2. HP: 16/27 MP: 3/5
   206 | D:1      | Learned a level 2 spell: Wereblood
   613 | D:1      | Reached skill level 3 in Spellcasting
   898 | D:1      | Reached XP level 3. HP: 35/35 MP: 2/7
   902 | D:1      | Learned a level 3 spell: Spider Form
  1162 | D:2      | Noticed Terence
  1177 | D:2      | Killed Terence
  1195 | D:2      | Reached XP level 4. HP: 13/42 MP: 6/9
  1549 | D:2      | Slain by an adder

Illustrated notes

Levels and vault maps discovered:
D:1:      wander_arrival_estate, layout_loops_ring
D:2:      layout_basic, uniq_sigmund, uniq_terence, uniq_robin

Skill      XL: |  1  2  3 |
---------------+----------+-----
Transmutations | 2 |  2.5
Spellcasting   | 3 |  3.4
Fighting       | 2 |  2.0
Dodging        | |  1.7
Unarmed Combat | |  2.6
Ice Magic      | |  0.8
Poison Magic   | |  0.8

Action                   |  1- 3 |  4- 6 || total
-------------------------+-------+-------++-------
Melee: Unarmed           |    83 |    21 ||   104
       Kick              |    15 |     3 ||    18
       Headbutt          |     7 |     3 ||    10
 Cast: Beastly Appendage |    24 |     4 ||    28
       Spider Form       |     1 |       ||     1
Armor: Robe              |    30 |     7 ||    37
       Skin              |     1 |       ||     1
Dodge: Dodged            |    39 |    16 ||    55
